 Dungeon Crawl Stone Soup version 0.28-a0-537-g3bccd9ccbf (webtiles) character file.

Game seed: 4612966364729922068

141 freelancePsychic the Magician (level 5, -2/39 HPs)
             Began as a Djinni Conjurer on Sept 27, 2021.
             Killed by nerve-wracking pain
             ... invoked by an orc priest
              (13 damage)
             ... on level 3 of the Dungeon.
             The game lasted 00:03:52 (2863 turns).

freelancePsychic the Magician (Djinni Conjurer)     Turns: 2863, Time: 00:03:52

Health: -2/39      AC:  2    Str:  6    XL:     5   Next: 48%
Gold:   25         EV: 12    Int: 21    God:
                   SH:  0    Dex: 11

rFire   + + .      SeeInvis .   (no weapon)
rCold   x . .      Faith    .   (no shield)
rNeg    . . .      Spirit   .   a - +0 robe
rPois   ∞          Reflect  .   (no helmet)
rElec   .          Harm     .   (no cloak)
rCorr   .          Rampage  .   (no gloves)
Will    .....                   (boots unavailable)
Stlth   ++........              (no amulet)
HPRegen 0.13/turn               (no ring)
MPRegen 0.00/turn               (no ring)

@: flying
A: sickness immunity, fire resistance 2, cold vulnerability 1, float, innate
caster, hp casting, extra vitality 1
a: no special abilities


You were on level 3 of the Dungeon.
You visited 1 branch of the dungeon, and saw 3 of its levels.

You collected 25 gold pieces.

Inventory:

Armour
 a - a +0 robe (worn)
Jewellery
 e - a ring of ice
Potions
 b - a potion of berserk rage {unknown}


   Skills:
 + Level 2.4 Fighting
 - Level 2.1 Dodging
 - Level 1.5 Stealth
 * Level 4.5 Spellcasting


You couldn't memorise any spells.
You knew the following spells:

 Your Spells              Type           Power      Damage    Failure   Level
a - Pain                  Necr           92%        1d8       1%          1
b - Searing Ray           Conj           46%        2d6       2%          2
c - Dazzling Flash        Conj/Hex       46%        N/A       5%          3
d - Fulminant Prism       Conj/Hex       11%        3d9       19%         4
e - Iskenderun's Mystic   Conj/Tloc      23%        2d6       19%         4
f - Magic Dart            Conj           92%        1d7       1%          1
g - Corpse Rot            Necr/Air       N/A        N/A       2%          2
Your spell library was empty.

Dungeon Overview and Level Annotations

Branches:
Dungeon (3/15)

Altars:

Annotations:
D:2 Sigmund


Innate Abilities, Weirdness & Mutations

You are immune to sickness and miasma.
You are immune to poison.
Your flesh is very heat resistant. (rF++)
You are vulnerable to cold. (rC-)
You float through the air rather than walking.
You learn spells naturally, not from books.
Your magical power is your life essence.
You have superior vitality. (+4 HP)


Message History

Press: ? - help, Shift-Dir - straight line, f - orc, p - adder
Aim: an orc, wielding a +0 flail, wearing a +0 leather armour and quivering boomerangs (78% to hit)
The searing ray hits the adder!
You kill the adder!
The searing ray hits the orc wizard!
The orc wizard is heavily wounded.
The searing ray hits the orc.
The orc is moderately wounded. (Press . to maintain the ray.)
The orc wizard casts a spell at you. You resist with some effort.
The searing ray misses the orc wizard.
The searing ray hits the orc priest.
The orc priest is moderately wounded.
The searing ray hits the orc wizard.
The orc wizard is severely wounded.
The searing ray hits the orc priest.
The orc priest is lightly wounded.
Casting: Searing Ray (safe; 2% risk of failure)
Confirm with . or Enter, or press ? or * to list all spells.
Restarting spell: Searing Ray (safe; 2% risk of failure)
Press: ? - help, Shift-Dir - straight line, f - orc priest, p - orc
Aim: an orc priest, wielding a +0 vorpal mace and wearing a +0 leather armour (moderately wounded, 78% to hit)
The searing ray hits the orc.
You kill the orc!
The searing ray hits the orc priest!
The orc priest is almost dead.
The searing ray misses the orc priest. (Press . to maintain the ray.)
The searing ray misses the orc wizard.
The searing ray hits the orc priest.
The orc priest is heavily wounded.
The orc priest invokes the aid of Beogh against you.
Beogh smites you!
The searing ray hits the orc wizard.
You kill the orc wizard!
The searing ray misses the orc priest.
The searing ray hits the orc priest!
You kill the orc priest!
* * * LOW HITPOINT WARNING * * *
The orc priest invokes the aid of Beogh against you.
Pain shoots through your body!
You die...

#....## #....o #....o
..). .o. #)#
###)#######
#########...@.....#
#.................#
#.................#
#......)..........#
#########......[..+
#.........# ######
#.........######.....
#.........##.........
#####.......##.........


You could see an orc priest.

Vanquished Creatures
  A kobold brigand (D:3)
  An orc priest (D:3)
  An orc wizard (D:3)
  2 adders
  An adder skeleton (D:2)
  A worm (D:2)
  2 orcs (D:3)
  2 bats
  6 endoplasms
  4 giant cockroaches
  4 goblins
  3 hobgoblins (D:1)
  8 kobolds
  2 ball pythons
  2 frilled lizards
  7 rats (D:1)
47 creatures vanquished.

Vanquished Creatures (others)
  A plant (D:2)
1 creature vanquished.

Grand Total: 48 creatures vanquished

Notes
Turn   | Place    | Note
-------+----------+-------------------------------------------
     0 | D:1      | freelancePsychic the Djinni Conjurer began the quest for
                  | the Orb.
     0 | D:1      | Reached XP level 1. HP: 15/15 MP: 0/0
   403 | D:1      | Reached XP level 2. HP: 18/22 MP: 0/0
   765 | D:1      | Reached skill level 1 in Fighting
  1196 | D:1      | Reached XP level 3. HP: 25/27 MP: 0/0
  1196 | D:1      | Learned a level 1 spell: Pain
  1895 | D:2      | Noticed Sigmund
  2514 | D:2      | Reached skill level 4 in Spellcasting
  2514 | D:2      | Reached XP level 4. HP: 26/33 MP: 0/0
  2753 | D:3      | Noticed a kobold brigand
  2760 | D:3      | Killed a kobold brigand
  2761 | D:3      | Reached XP level 5. HP: 29/39 MP: 0/0
  2761 | D:3      | Learned a level 2 spell: Corpse Rot
  2863 | D:3      | Killed from afar by an orc priest

Illustrated notes

Levels and vault maps discovered:
D:1:      dpeg_arrival_ratfight, layout_basic
D:2:      layout_basic, hellmonk_ecumenical_altar_heavens_door,
          palyth_stone_intersect, grunt_decor_junction, serial_bayou_crossing,
          uniq_sigmund
D:3:      layout_basic, grunt_qazlal_sundering, minmay_quantized

Skill      XL: |  1  2  3  4 |
---------------+-------------+-----
Fighting       | 1 2 |  2.4
Spellcasting   | 4 |  4.5
Dodging        | |  2.1
Stealth        | |  1.5

Action                   |  1- 3 |  4- 6 || total
-------------------------+-------+-------++-------
 Cast: Magic Dart        |    20 |       ||    20
       Searing Ray       |    19 |    12 ||    31
       Pain              |    15 |     1 ||    16
  Use: Scroll            |     4 |       ||     4
Armor: Robe              |     1 |       ||     1
Dodge: Dodged            |     5 |     1 ||     6

Table legend: (Time is in decaauts)
 A = Elapsed time spent in this place.
 B = Non-inter-level travel time spent in this place.
 C = Inter-level travel time spent in this place.
 D = Time resting spent in this place.
 E = Time spent auto-exploring this place.
 F = Levels seen in this place.
 G = Mean time per level.
                   A        B        C        D        E       F      G
               +--------+--------+--------+--------+--------+-----+--------+
         Total |   2862 |   2769 |     93 |    360 |   2132 |   3 |  954.0 |
       Dungeon |   2862 |   2769 |     93 |    360 |   2132 |   3 |  954.0 |
               +--------+--------+--------+--------+--------+-----+--------+

Top non-repeatable levels by time:
     D:1: 1552 daAuts
     D:2: 1078 daAuts
     D:3: 231 daAuts
